 Dungeon Crawl Stone Soup version 0.29-a0-648-g6b26cc9f40 (webtiles) character file.

Game seed: 7718136352531800857

11921 croobank the Covert (level 11, 0/89 HPs)
             Began as a Gnoll Delver on June 20, 2022.
             Was an Initiate of Gozag.
             Constricted to death by Jorgrun (8 damage)
             ... on level 1 of the Orcish Mines.
             The game lasted 01:47:57 (22130 turns).

croobank the Covert (Gnoll Delver)                 Turns: 22130, Time: 01:48:27

Health: 0/89       AC: 18    Str: 12    XL:     11   Next: 85%
Magic:  10/10      EV: 11    Int: 13    God:    Gozag
Gold:   2097       SH:  5    Dex: 14    Spells: 2/23 levels left

rFire   . . .      SeeInvis .   h - +0 hand axe (antimagic)
rCold   . . .      Faith    .   (no shield)
rNeg    . . .      Spirit   .   v - +1 ring mail
rPois   .          Reflect  +   t - +1 hat {Will+}
rElec   .          Harm     .   A - +2 cloak
rCorr   .          Rampage  .   (no gloves)
Will    +....                   l - +1 pair of boots
Stlth   ++++......              o - amulet of reflection
HPRegen 0.24/turn               Z - ring of magical power
MPRegen 0.12/turn               F - +4 ring of protection

@: grasped by roots, gold aura, constricted
A: fangs 1, strong nose, distributed training
a: Renounce Religion, Potion Petition, Call Merchant, Bribe Branch


You were on level 1 of the Orcish Mines.
You worshipped Gozag.
Gozag was most pleased with you.
You visited 4 branches of the dungeon, and saw 13 of its levels.
You also visited: Ossuary and Bailey.

You collected 2874 gold pieces.
You paid 777 gold pieces to Gozag.

Inventory:

Hand Weapons
 a - a +4 quarterstaff
 b - a +2 dagger of flaming
 f - a +0 war axe
 h - a +0 antimagic hand axe (weapon)
 m - a +2 great mace of protection
 r - a +0 dagger
 C - a +3 scimitar
 E - a +5 vorpal hand crossbow
 I - a +5 battleaxe
 N - a +5 great sword
 Q - a +3 long sword of freezing
 S - a +1 short sword of holy wrath
 Y - a +2 short sword of protection
Missiles
 d - 4 datura-tipped darts (quivered)
 k - 97 stones
 u - a throwing net
 H - 6 silver javelins
 V - 5 boomerangs
Armour
 i - a +0 leather armour
 l - a +1 pair of boots (worn)
 t - a +1 hat of willpower (worn)
 v - a +1 ring mail (worn)
 A - a +2 cloak (worn)
Jewellery
 o - an amulet of reflection (around neck)
 B - a +6 ring of dexterity
 F - a +4 ring of protection (right hand)
 L - a ring of protection from cold
 W - a ring of positive energy
 Z - a ring of magical power (left hand)
Wands
 g - a wand of digging (1)
 U - a wand of iceblast (1)
 X - a wand of polymorph (5)
Scrolls
 c - a scroll of fog
 q - 4 scrolls of identify
 s - a scroll of teleportation
 y - a scroll of noise
 D - 2 scrolls of immolation
 G - a scroll of blinking
 J - a scroll of amnesia
 O - 3 scrolls of magic mapping
Potions
 e - a potion of lignification
 n - 2 potions of magic
 p - 4 potions of curing
 x - 4 potions of heal wounds
 z - a potion of resistance
 K - 2 potions of flight
 M - 2 potions of mutation
 R - a potion of invisibility


   Skills:
 + Level 9.4 Fighting
 + Level 6.7 Short Blades
 + Level 6.7 Long Blades
 + Level 8.2 Axes
 + Level 6.7 Maces & Flails
 + Level 6.7 Polearms
 + Level 6.7 Staves
 + Level 6.7 Slings
 + Level 6.7 Bows
 + Level 6.7 Crossbows
 + Level 6.7 Throwing
 + Level 6.7 Armour
 + Level 8.2 Dodging
 + Level 11.6 Stealth
 + Level 6.7 Shields
 + Level 6.7 Unarmed Combat
 + Level 6.7 Spellcasting
 + Level 5.5 Conjurations
 + Level 5.5 Hexes
 + Level 5.5 Summonings
 + Level 5.5 Necromancy
 + Level 5.5 Translocations
 + Level 5.5 Transmutations
 + Level 5.5 Fire Magic
 + Level 5.5 Ice Magic
 + Level 5.5 Air Magic
 + Level 5.5 Earth Magic
 + Level 5.5 Poison Magic
 + Level 7.3 Invocations
 + Level 6.7 Evocations


You had 2 spell levels left.
You knew the following spells:

 Your Spells              Type           Power      Damage    Failure   Level
a - Swiftness             Air            18%        N/A       10%         3
b - Ensorcelled Hibernat  Hex/Ice        36%        N/A       4%          2
c - Passwall              Tmut/Erth      15%        N/A       4%          2
d - Poisonous Vapours     Pois/Air       36%        N/A       4%          2
e - Dispel Undead         Necr           18%        3d11      32%         4
f - Olgreb's Toxic Radia  Pois           18%        N/A       32%         4
g - Summon Ice Beast      Ice/Summ       18%        N/A       32%         4

Your spell library contained the following spells:

 Spells                   Type           Power      Damage    Failure   Level
 Necrotize                Necr           72%        1d7       3%          1
 Sting                    Tmut/Pois      72%        1d6       3%          1
 Static Discharge         Conj/Air       18%        N/A       4%          2
 Vampiric Draining        Necr           18%        2d7       10%         3
 Sticky Flame             Conj/Fire      18%        2d4       32%         4
 Agony                    Necr           18%        N/A       67%         5
 Summon Mana Viper        Hex/Summ       18%        N/A       67%         5
 Monstrous Menagerie      Summ           9%         N/A       100%        7


Dungeon Overview and Level Annotations

Branches:
Dungeon (10/15)            Temple (1/1) D:5            Lair (1/6) D:8
    Orc (1/2) D:9         Ossuary (visited)          Bailey (visited)

Altars:
Ashenzari
Cheibriados
Elyvilon
Gozag
Hepliaklqana
Kikubaaqudgha
Makhleb
Okawaru
Qazlal
Ru
Trog
Vehumet
Wu Jian
Xom
Zin
The Shining One

Annotations:
D:5 2 transporters, Gus979's ghost, novice DsNe
D:8 3 runed translucent doors
Orc:1 Jorgrun


Innate Abilities, Weirdness & Mutations

You have very sharp teeth.
Your uncanny sense of smell can sniff out nearby items.
Your experience applies equally to all skills.


Message History

You hit Jorgrun but do no damage. You bite Jorgrun, but do no damage.
Jorgrun hits you but does no damage.
You hit Jorgrun but do no damage. You hit Jorgrun.
Jorgrun's magic leaks into the air.
Your bite misses Jorgrun.
Jorgrun is lightly wounded.
You hit the orc.
Jorgrun's magic is no longer disrupted.
You block Jorgrun's attack.
You closely miss Jorgrun.
Jorgrun is lightly wounded.
You hit the orc. x2
You kill the orc!
Jorgrun gestures at you while chanting.
Roots burst forth from the earth!
The grasping roots grab you! The grasping roots constrict you!
The orc misses you.
You hit Jorgrun.
Jorgrun's magic leaks into the air.
Jorgrun is lightly wounded.
You hit the orc but do no damage. Jorgrun hits you with a staff of earth!
Jorgrun shatters you. The grasping roots constrict you!
The orc closely misses you.
The ettin shouts in stereo!
You hit Jorgrun but do no damage.
Jorgrun is lightly wounded.
You hit the orc. Jorgrun hits you but does no damage.
The grasping roots constrict you! The orc hits you but does no damage.
Unknown command.
You closely miss Jorgrun.
Jorgrun is lightly wounded.
You closely miss the orc.
Jorgrun's magic is no longer disrupted.
Jorgrun barely misses you. The grasping roots constrict you.
The orc hits you but does no damage.
You closely miss Jorgrun. You punch Jorgrun.
Jorgrun is lightly wounded.
You hit the orc but do no damage. Jorgrun gestures at you while chanting.
The iron shot hits you!!
* * * LOW HITPOINT WARNING * * *
The grasping roots constrict you!
You die...
Your body crumbles into a pile of gold.

#....##.....## ### ##.##
#.##.o[..)..#.## ##.## ##.##
#......##...###...## ##.##
....##....#.....##....###.##
..... #..##....$.#.....##.##
..#..#.#.#....#........#.##
$. #.....#.C...#....##....#
# ....####....o$.#.......#
## $...# ..#...g@##......##
##. ..# #...#.....#.....##
#.. .....##..####.### ##..
.... #.## ### #... #.. ##
#... $ #.... ##... #.#..
....#.


You could see Jorgrun, an ettin and an orc.

Vanquished Creatures
  Gastronok (Orc:1)
  A two-headed ogre (D:5)
  A nameless horror (Bailey)
  Pikel (D:7)
  Maurice (D:8)
  Joseph (D:7)
  A komodo dragon (D:8)
  Grinder (D:6)
  Sigmund (D:3)
  2 wyverns
  Grum (Bailey)
  3 yaks (D:9)
  A basilisk (D:8)
  3 steam dragons
  2 wargs
  An acid dragon (D:8)
  2 water moccasins
  3 sky beasts
  A swamp drake (D:8)
  An ice beast (D:4)
  5 orc warriors
  3 wolves (Bailey)
  4 ogres
  2 centaurs
  Blork the orc (D:6)
  2 kobold brigands
  A bullfrog (D:7)
  7 gnoll sergeants (Bailey)
  15 scorpions
  12 wights (D:7)
  3 killer bees (D:7)
  3 howler monkeys
  3 centaur zombies (Ossuary)
  4 hounds
  2 jellies
  4 human zombies (Ossuary)
  10 orc priests
  7 gnoll shamans
  6 iguanas
  Terence (D:3)
  A human skeleton (D:7)
  12 orc wizards
  6 scorpion zombies (Ossuary)
  3 mummies (Ossuary)
  Robin (D:2)
  15 gnolls
  6 adders
  A shadow imp (D:8)
  3 white imps (D:7)
  2 dart slugs (D:1)
  45 orcs
  7 ball pythons
  8 endoplasms
  5 giant cockroaches
  2 gnoll zombies (Ossuary)
  17 goblins
  9 hobgoblins
  13 kobolds
  9 quokkas
  4 bats
  3 frilled lizards
  2 goblin zombies (Ossuary)
  3 hobgoblin zombies (Ossuary)
  3 kobold zombies (Ossuary)
  4 orc skeletons (D:7)
  An orc zombie (D:7)
  A rat (D:2)
310 creatures vanquished.

Vanquished Creatures (collateral kills)
  A yak (D:9)
  A warg (D:9)
  2 hounds (Bailey)
  An orc priest (D:9)
5 creatures vanquished.

Vanquished Creatures (others)
  A komodo dragon (D:8)
  A warg (D:9)
  2 orc wizards
4 creatures vanquished.

Grand Total: 319 creatures vanquished

Notes
Turn   | Place    | Note
-------+----------+-------------------------------------------
     0 | D:5      | Reached skill level 9 in Stealth
     0 | D:5      | croobank the Gnoll Delver began the quest for the Orb.
     0 | D:5      | Reached XP level 1. HP: 23/23 MP: 1/1
    11 | D:5      | Found a staircase to the Ecumenical Temple.
    19 | D:5      | Noticed an iguana
    52 | Temple   | Entered the Ecumenical Temple
   184 | D:6      | Reached XP level 2. HP: 29/29 MP: 0/2
   193 | D:6      | Noticed a howler monkey
   278 | D:5      | Noticed a scorpion
   326 | Temple   | Became a worshipper of Gozag Ym Sagoz the Greedy
   549 | D:5      | Reached skill level 1 in Invocations
   549 | D:5      | Reached XP level 3. HP: 16/35 MP: 0/4
  1186 | D:5      | Found a transporter.
  1189 | D:5      | Noticed Gus979's ghost (novice DsNe)
  1522 | D:3      | Reached skill level 1 in Short Blades
  1522 | D:3      | Reached skill level 1 in Long Blades
  1522 | D:3      | Reached skill level 1 in Maces & Flails
  1522 | D:3      | Reached skill level 1 in Polearms
  1522 | D:3      | Reached skill level 1 in Staves
  1522 | D:3      | Reached skill level 1 in Slings
  1522 | D:3      | Reached skill level 1 in Bows
  1522 | D:3      | Reached skill level 1 in Crossbows
  1522 | D:3      | Reached skill level 1 in Throwing
  1522 | D:3      | Reached skill level 1 in Armour
  1522 | D:3      | Reached skill level 1 in Shields
  1522 | D:3      | Reached skill level 1 in Unarmed Combat
  1522 | D:3      | Reached skill level 1 in Spellcasting
  1522 | D:3      | Reached skill level 1 in Evocations
  1555 | D:2      | Reached XP level 4. HP: 31/41 MP: 1/5
  1770 | D:2      | Noticed Robin
  1973 | D:1      | Found a faded altar of an unknown god.
  2205 | D:1      | Reached skill level 1 in Conjurations
  2205 | D:1      | Reached skill level 1 in Hexes
  2205 | D:1      | Reached skill level 1 in Summonings
  2205 | D:1      | Reached skill level 1 in Necromancy
  2205 | D:1      | Reached skill level 1 in Translocations
  2205 | D:1      | Reached skill level 1 in Transmutations
  2205 | D:1      | Reached skill level 1 in Fire Magic
  2205 | D:1      | Reached skill level 1 in Ice Magic
  2205 | D:1      | Reached skill level 1 in Air Magic
  2205 | D:1      | Reached skill level 1 in Earth Magic
  2205 | D:1      | Reached skill level 1 in Poison Magic
  3001 | D:2      | Reached XP level 5. HP: 35/47 MP: 2/6
  3221 | D:2      | Killed Robin
  3773 | D:3      | Noticed Sigmund
  3790 | D:3      | Killed Sigmund
  3791 | D:3      | Reached skill level 5 in Axes
  3791 | D:3      | Reached skill level 5 in Dodging
  3791 | D:3      | Reached XP level 6. HP: 20/53 MP: 3/9
  4104 | D:3      | Noticed Terence
  4124 | D:3      | Killed Terence
  4571 | D:3      | Found a radiant altar of Vehumet.
  4862 | D:4      | Reached XP level 7. HP: 55/59 MP: 3/10
  5173 | D:4      | Learned a level 3 spell: Swiftness
  5861 | D:5      | Found a transporter.
  5885 | D:5      | Noticed a two-headed ogre
  5910 | D:6      | Noticed Grinder
  5910 | D:6      | Noticed a steam dragon
  5912 | D:6      | Killed Grinder
  5913 | D:6      | Reached skill level 10 in Stealth
  5913 | D:6      | Reached XP level 8. HP: 48/67 MP: 10/12
  6047 | D:7      | Noticed Joseph
  6074 | D:7      | Found a glowing silver altar of Zin.
  6074 | D:7      | Found a broken altar of Ashenzari.
  6343 | D:7      | Found a sand-covered staircase.
  6350 | Ossuary  | Entered an ossuary
  8072 | Ossuary  | Reached XP level 9. HP: 45/72 MP: 14/14
  8953 | D:7      | Learned a level 2 spell: Ensorcelled Hibernation
  9677 | D:7      | Killed Joseph
  9869 | D:7      | Reached skill level 5 in Invocations
 10664 | D:7      | Reached XP level 10. HP: 79/80 MP: 17/17
 10799 | D:7      | Learned a level 2 spell: Passwall
 11769 | D:7      | Reached skill level 5 in Short Blades
 11769 | D:7      | Reached skill level 5 in Long Blades
 11769 | D:7      | Reached skill level 5 in Maces & Flails
 11769 | D:7      | Reached skill level 5 in Polearms
 11769 | D:7      | Reached skill level 5 in Staves
 11769 | D:7      | Reached skill level 5 in Slings
 11769 | D:7      | Reached skill level 5 in Bows
 11769 | D:7      | Reached skill level 5 in Crossbows
 11769 | D:7      | Reached skill level 5 in Throwing
 11769 | D:7      | Reached skill level 5 in Armour
 11769 | D:7      | Reached skill level 5 in Shields
 11769 | D:7      | Reached skill level 5 in Unarmed Combat
 11769 | D:7      | Reached skill level 5 in Spellcasting
 11769 | D:7      | Reached skill level 5 in Evocations
 12430 | D:6      | Noticed Blork the orc
 12434 | D:6      | Killed Blork the orc
 13603 | D:5      | Learned a level 2 spell: Poisonous Vapours
 13618 | D:5      | Killed a two-headed ogre
 13619 | D:5      | Reached skill level 11 in Stealth
 14314 | D:8      | Noticed Maurice
 14328 | D:8      | Noticed Pikel
 14337 | D:7      | Killed Pikel
 14572 | D:8      | Killed Maurice
 14931 | D:8      | Reached XP level 11. HP: 79/87 MP: 16/19
 15161 | D:8      | Found a runed translucent gate.
 15162 | D:8      | Found a runed translucent gate.
 15162 | D:8      | Found a runed translucent gate.
 15162 | D:8      | Noticed a purple ugly thing
 15162 | D:8      | Noticed a brown ugly thing
 15164 | D:8      | Noticed a cyan ugly thing
 15644 | D:8      | Found a staircase to the Lair.
 15841 | Lair:1   | Entered Level 1 of the Lair of Beasts
 15868 | Lair:1   | Noticed an eight-headed hydra
 15883 | D:8      | Learned a level 4 spell: Dispel Undead
 15888 | D:8      | Learned a level 4 spell: Olgreb's Toxic Radiance
 15893 | D:8      | Learned a level 4 spell: Summon Ice Beast
 16102 | D:9      | Reached skill level 5 in Conjurations
 16102 | D:9      | Reached skill level 5 in Hexes
 16102 | D:9      | Reached skill level 5 in Summonings
 16102 | D:9      | Reached skill level 5 in Necromancy
 16102 | D:9      | Reached skill level 5 in Translocations
 16102 | D:9      | Reached skill level 5 in Transmutations
 16102 | D:9      | Reached skill level 5 in Fire Magic
 16102 | D:9      | Reached skill level 5 in Ice Magic
 16102 | D:9      | Reached skill level 5 in Air Magic
 16102 | D:9      | Reached skill level 5 in Earth Magic
 16102 | D:9      | Reached skill level 5 in Poison Magic
 16259 | D:9      | Found a flagged portal.
 16286 | Bailey   | Entered a bailey
 16402 | Bailey   | Noticed a nameless horror
 16415 | Bailey   | Killed a nameless horror
 17006 | Bailey   | Noticed Grum
 17027 | Bailey   | Killed Grum
 18889 | D:9      | Found a staircase to the Orcish Mines.
 19339 | D:10     | Entered Level 10 of the Dungeon
 19415 | D:10     | Noticed a two-headed ogre
 20258 | Orc:1    | Entered Level 1 of the Orcish Mines
 20759 | Orc:1    | Noticed Jorgrun
 20980 | Orc:1    | Noticed an ettin
 21323 | Orc:1    | Noticed Gastronok
 21752 | Orc:1    | Killed Gastronok
 22130 | Orc:1    | Constricted to death by Jorgrun

Illustrated notes

Levels and vault maps discovered:
D:1:      saegor_arrival_simple_a, layout_rooms,
          nicolae_ecumenical_snake_handling, minmay_nonomino_d4
D:2:      layout_loops_corners, minmay_misc_feat_room, uniq_robin
D:3:      layout_basic, mainiacjoe_overflow_alcove_1, uniq_sigmund, uniq_terence
D:4:      layout_basic, lemuel_old_faithful
D:5:      layout_basic, minmay_temple_entry_junction, serial_glass,
          glass_columns_b, glass_columns_a, gammafunk_ghost_stat_death
D:6:      layout_cave_pools, uniq_grinder, uniq_blork_the_orc
D:7:      layout_basic, chequers_temple_overflow_statue_of_worship,
          nicolae_ossuary_entry_catacombs, kennysheep_small_square, uniq_joseph
D:8:      layout_rooms, erik_lair_dragon,
          ploomutoo_gammafunk_ghost_potion_laboratory, kennysheep_crisscross,
          grunt_decor_one_mirror, uniq_maurice, uniq_pikel
D:9:      layout_loops_ring, david_orc_1_choice, enter_bailey_2
D:10:     layout_basic, lemuel_tele_altar,
          ploomutoo_gammafunk_ghost_potion_laboratory
Temple:   regret_index_temple_mists
Lair:1:   layout_chaotic_city
Orc:1:    layout_diamond_mine, special_room [special_room_orc], uniq_gastronok,
          uniq_jorgrun

Skill      XL: |  1  2  3  4  5  6  7  8  9 10 11 |
---------------+----------------------------------+-----
Stealth        | 10 11 | 11.6
Invocations    | 1 2 3 4 5 6 7 |  7.3
Short Blades   | 1 2 3 4 5 6 |  6.7
Long Blades    | 1 2 3 4 5 6 |  6.7
Maces & Flails | 1 2 3 4 5 6 |  6.7
Polearms       | 1 2 3 4 5 6 |  6.7
Staves         | 1 2 3 4 5 6 |  6.7
Slings         | 1 2 3 4 5 6 |  6.7
Bows           | 1 2 3 4 5 6 |  6.7
Crossbows      | 1 2 3 4 5 6 |  6.7
Throwing       | 1 2 3 4 5 6 |  6.7
Armour         | 1 2 3 4 5 6 |  6.7
Shields        | 1 2 3 4 5 6 |  6.7
Unarmed Combat | 1 2 3 4 5 6 |  6.7
Spellcasting   | 1 2 3 4 5 6 |  6.7
Evocations     | 1 2 3 4 5 6 |  6.7
Conjurations   | 1 2 3 4 5 |  5.5
Hexes          | 1 2 3 4 5 |  5.5
Summonings     | 1 2 3 4 5 |  5.5
Necromancy     | 1 2 3 4 5 |  5.5
Translocations | 1 2 3 4 5 |  5.5
Transmutations | 1 2 3 4 5 |  5.5
Fire Magic     | 1 2 3 4 5 |  5.5
Ice Magic      | 1 2 3 4 5 |  5.5
Air Magic      | 1 2 3 4 5 |  5.5
Earth Magic    | 1 2 3 4 5 |  5.5
Poison Magic   | 1 2 3 4 5 |  5.5
Axes           | 5 6 7 8 |  8.2
Dodging        | 5 6 7 8 |  8.2
Fighting       | 7 8 9 |  9.4

Action                   |  1- 3 |  4- 6 |  7- 9 | 10-12 || total
-------------------------+-------+-------+-------+-------++-------
Melee: Hand axe          |    83 |   200 |   196 |    63 ||   542
       Bite              |     5 |    17 |   104 |   105 ||   231
       Punch             |     1 |     5 |    16 |    11 ||    33
       Dagger            |       |     9 |   201 |   192 ||   402
       Quarterstaff      |       |       |   233 |   514 ||   747
       Whip              |       |       |     3 |       ||     3
Throw: Stone             |     1 |       |       |       ||     1
       Dart              |       |       |       |     5 ||     5
       Throwing net      |       |       |       |     3 ||     3
 Cast: Swiftness         |       |       |    12 |    46 ||    58
       Ensorcelled Hiber |       |       |     7 |    38 ||    45
       Poisonous Vapours |       |       |       |    90 ||    90
       Olgreb's Toxic Ra |       |       |       |     2 ||     2
       Summon Ice Beast  |       |       |       |     2 ||     2
       Passwall          |       |       |       |     1 ||     1
Invok: Potion Petition   |       |       |       |     1 ||     1
Evoke: Wand              |       |       |       |     5 ||     5
  Use: Scroll            |     2 |     4 |    19 |    13 ||    38
       Potion            |     1 |     1 |     5 |    13 ||    20
 Stab: Sleeping          |     2 |    15 |    21 |    25 ||    63
       Distracted        |       |     1 |     2 |     7 ||    10
       Confused          |       |       |       |     1 ||     1
       Held in net/web   |       |       |       |     3 ||     3
       Invisible         |       |       |       |     1 ||     1
Armor: Leather armour    |    11 |    24 |       |       ||    35
       Ring mail         |       |    11 |   201 |   409 ||   621
Dodge: Dodged            |    57 |   102 |   367 |   549 ||  1075
Block: Other             |     5 |    46 |   124 |   193 ||   368
       Reflection        |       |       |     2 |     2 ||     4

Table legend: (Time is in decaauts)
 A = Elapsed time spent in this place.
 B = Non-inter-level travel time spent in this place.
 C = Inter-level travel time spent in this place.
 D = Time resting spent in this place.
 E = Time spent auto-exploring this place.
 F = Levels seen in this place.
 G = Mean time per level.
                   A        B        C        D        E       F      G
               +--------+--------+--------+--------+--------+-----+--------+
         Total |  22109 |  21128 |    981 |   8229 |   6673 |  15 | 1473.9 |
       Dungeon |  15973 |  15048 |    925 |   4805 |   5985 |  10 | 1597.3 |
        Temple |    178 |    124 |     54 |      0 |     55 |   1 |  178.0 |
          Lair |     44 |     44 |      0 |      0 |      2 |   1 |   44.0 |
  Orcish Mines |   1725 |   1725 |      0 |   1017 |    179 |   1 | 1725.0 |
       Ossuary |   2584 |   2584 |      0 |   1542 |    261 |   1 | 2584.0 |
        Bailey |   1602 |   1602 |      0 |    864 |    191 |   1 | 1602.0 |
               +--------+--------+--------+--------+--------+-----+--------+

Top non-repeatable levels by time:
     D:7: 4145 daAuts
 Ossuary: 2584 daAuts
     D:8: 2404 daAuts
     D:9: 1905 daAuts
   Orc:1: 1725 daAuts
  Bailey: 1602 daAuts
     D:2: 1540 daAuts
     D:5: 1440 daAuts
     D:6: 1383 daAuts
     D:4: 1314 daAuts
     D:3: 1058 daAuts
     D:1: 654 daAuts
  Temple: 178 daAuts
    D:10: 127 daAuts
  Lair:1: 44 daAuts
